TOP OF THE 1ST |
Texas Tech Red Raiders batting - Pitching for Nebraska Cornhuskers : LHP Randy Leonard
|
Pitching: LHP Randy Leonard
|
|
Batting: RHB Gilberto Bautista
|
0-0: Foul Ball, location: 2F 0-1: Ball 1-1: Ball 2-1: Foul Ball, location: 2F 2-2: SINGLE (Line Drive, 78S)
|
Batting: RHB Rodrigo Castillo
|
0-0: Called Strike 0-1: Ball 1-1: Ball 2-1: Foul Ball, location: 2F 2-2: Foul Ball, location: 2F 2-2: Strikes out looking
|
Batting: LHB Terry Neal
|
0-0: Ball 1-0: Ball 2-0: Called Strike 2-1: Foul Ball, location: 2F 2-2: Strikes out looking
|
Batting: LHB Arthur Guzmán
|
0-0: Ball 1-0: Called Strike 1-1: Ball 2-1: Ball Gilberto Bautista is caught stealing 2nd base
|
Top of the 1st over - 0 run(s), 1 hit(s), 0 error(s), 0 left on base; Texas Tech 0 - Nebraska 0 |
BOTTOM OF THE 1ST |
Nebraska Cornhuskers batting - Pitching for Texas Tech Red Raiders : LHP Dan Quinn
|
Pitching: LHP Dan Quinn
|
|
Batting: RHB Michael Reed
|
0-0: Ball 1-0: Ball 2-0: Called Strike 2-1: Foul Ball, location: 2F 2-2: Ball 3-2: Foul Ball, location: 2F 3-2: Base on Balls
|
Batting: LHB Luis García
|
0-0: Called Strike Michael Reed steals 2nd base 0-1: Ball 1-1: Ball 2-1: Foul Ball, location: 2F 2-2: Fly out, F7 (Flyball, 7)
|
Batting: LHB José Pérez
|
0-0: Swinging Strike 0-1: Swinging Strike 0-2: Strikes out swinging
|
Batting: LHB Wes Britton
|
0-0: Ball 1-0: Called Strike 1-1: Ball 2-1: Foul Ball, location: 2F 2-2: SINGLE (Line Drive, 56) Michael Reed to third Runner from 3rd tries for Home, SAFE, no throw
|
Batting: RHB Jeff Willis
|
0-0: Foul Ball, location: 2F 0-1: Foul Ball, location: 2F 0-2: 2-RUN HOME RUN (Flyball, 7D), Distance : 368 ft
|
Batting: RHB Jeffery Taylor
|
0-0: Called Strike 0-1: Called Strike 0-2: Strikes out looking
|
Bottom of the 1st over - 3 run(s), 2 hit(s), 0 error(s), 0 left on base; Texas Tech 0 - Nebraska 3 |
TOP OF THE 2ND |
Texas Tech Red Raiders batting - Pitching for Nebraska Cornhuskers : LHP Randy Leonard
|
Batting: LHB Arthur Guzmán
|
0-0: Ball 1-0: Ball 2-0: Ball 3-0: Called Strike 3-1: Called Strike 3-2: Strikes out looking
|
Batting: RHB Nick McIntyre
|
0-0: Ball 1-0: Ground out 4-3 (Groundball, 4)
|
Batting: RHB David Walker
|
0-0: Fly out, F9 (Flyball, 9LS)
|
Top of the 2nd over - 0 run(s), 0 hit(s), 0 error(s), 0 left on base; Texas Tech 0 - Nebraska 3 |
BOTTOM OF THE 2ND |
Nebraska Cornhuskers batting - Pitching for Texas Tech Red Raiders : LHP Dan Quinn
|
Batting: RHB Guy Bullard
|
0-0: Ball 1-0: Ball 2-0: Ball 3-0: Base on Balls
|
Batting: RHB Ronald Hodge
|
0-0: Called Strike 0-1: Swinging Strike 0-2: Ball 1-2: Ball 2-2: Foul Ball, location: 2F 2-2: Strikes out swinging
|
Batting: LHB Edmund Bilbrey
|
0-0: Ball 1-0: Called Strike 1-1: Reached on error, E4 (Groundball, 4) Guy Bullard to second
|
Batting: RHB Michael Reed
|
0-0: Ball 1-0: Ball 2-0: Ball 3-0: Called Strike 3-1: Base on Balls Guy Bullard to third Edmund Bilbrey to second
|
Batting: LHB Luis García
|
0-0: Swinging Strike 0-1: Foul Ball, location: 2F 0-2: Foul Ball, location: 2F 0-2: Strikes out swinging
|
Batting: LHB José Pérez
|
0-0: GRAND SLAM HOME RUN (Flyball, 89XD), Distance : 362 ft
|
Batting: LHB Wes Britton
|
0-0: Fly out, F3 (Popup, 3L)
|
Bottom of the 2nd over - 4 run(s), 1 hit(s), 1 error(s), 0 left on base; Texas Tech 0 - Nebraska 7 |
TOP OF THE 3RD |
Texas Tech Red Raiders batting - Pitching for Nebraska Cornhuskers : LHP Randy Leonard
|
Batting: RHB Sam Lynch
|
0-0: Foul Ball, location: 2F 0-1: Ball 1-1: Ground out 6-3 (Groundball, 6M)
|
Batting: RHB Wayne Hanson
|
0-0: Called Strike 0-1: Called Strike 0-2: Ball 1-2: Foul Ball, location: 2F 1-2: Strikes out swinging
|
Batting: RHB Ángel Herrera
|
0-0: Ball 1-0: Ball 2-0: Ball 3-0: Foul Ball, location: 2F 3-1: Base on Balls
|
Batting: RHB Gilberto Bautista
|
0-0: Called Strike 0-1: Ball 1-1: Fly out, F8 (Line Drive, 8RM)
|
Top of the 3rd over - 0 run(s), 0 hit(s), 0 error(s), 1 left on base; Texas Tech 0 - Nebraska 7 |
BOTTOM OF THE 3RD |
Nebraska Cornhuskers batting - Pitching for Texas Tech Red Raiders : LHP Dan Quinn
|
Batting: RHB Jeff Willis
|
0-0: Ball 1-0: Ball 2-0: Foul Ball, location: 2F 2-1: Called Strike 2-2: Ball 3-2: Foul Ball, location: 2F 3-2: Strikes out swinging
|
Pitching: RHP Richard McGinnity
|
|
Batting: RHB Jeffery Taylor
|
0-0: Ball 1-0: Ground out 4-3 (Groundball, 4)
|
Batting: RHB Guy Bullard
|
0-0: Fly out, F9 (Flyball, 9)
|
Bottom of the 3rd over - 0 run(s), 0 hit(s), 0 error(s), 0 left on base; Texas Tech 0 - Nebraska 7 |
TOP OF THE 4TH |
Texas Tech Red Raiders batting - Pitching for Nebraska Cornhuskers : LHP Randy Leonard
|
Batting: RHB Rodrigo Castillo
|
0-0: Called Strike 0-1: Ball 1-1: Ball 2-1: DOUBLE (Line Drive, 89D)
|
Batting: LHB Terry Neal
|
0-0: Called Strike 0-1: Foul Ball, location: 2F 0-2: Ball 1-2: Ground out U3 (Groundball, 34) Rodrigo Castillo to third
|
Batting: LHB Arthur Guzmán
|
0-0: Ball 1-0: Ball 2-0: Reached on error, E7 (Flyball, 7D) Rodrigo Castillo scores
|
Batting: RHB Nick McIntyre
|
0-0: Swinging Strike 0-1: Foul Ball, location: 2F 0-2: Ball 1-2: Strikes out swinging
|
Batting: RHB David Walker
|
0-0: Ball 1-0: Ball 2-0: Ball 3-0: Called Strike 3-1: Ground out 6-3 (Groundball, 6)
|
Top of the 4th over - 1 run(s), 1 hit(s), 1 error(s), 1 left on base; Texas Tech 1 - Nebraska 7 |
BOTTOM OF THE 4TH |
Nebraska Cornhuskers batting - Pitching for Texas Tech Red Raiders : RHP Richard McGinnity
|
Batting: RHB Ronald Hodge
|
0-0: Called Strike 0-1: Ball 1-1: SINGLE (Line Drive, 89S)
|
Batting: LHB Edmund Bilbrey
|
0-0: Called Strike 0-1: Ball 1-1: Swinging Strike 1-2: Ball 2-2: Grounds into double play, 6-4-3 (Groundball, 6)
|
Batting: RHB Michael Reed
|
0-0: SINGLE (Flyball, 89M)
|
Batting: LHB Luis García
|
0-0: Ball Michael Reed steals 2nd base 1-0: Fly out, F3 (Popup, 3L)
|
Bottom of the 4th over - 0 run(s), 2 hit(s), 0 error(s), 1 left on base; Texas Tech 1 - Nebraska 7 |
TOP OF THE 5TH |
Texas Tech Red Raiders batting - Pitching for Nebraska Cornhuskers : LHP Randy Leonard
|
Batting: RHB Sam Lynch
|
0-0: Ball 1-0: Called Strike 1-1: Ball 2-1: Called Strike 2-2: Ground out 5-3 (Groundball, 56)
|
Batting: RHB Wayne Hanson
|
0-0: Ball 1-0: Ball 2-0: Ball 3-0: Called Strike 3-1: Foul Ball, location: 2F 3-2: Base on Balls
|
Batting: RHB Ángel Herrera
|
0-0: Called Strike 0-1: Called Strike 0-2: Ball 1-2: SINGLE (Groundball, 6MD) Wayne Hanson to second
|
Pitching: LHP Darrell Gil
|
|
Batting: RHB Gilberto Bautista
|
0-0: Ball 1-0: Ball 2-0: SINGLE (Line Drive, 4) Wayne Hanson to third Ángel Herrera to second
|
Batting: RHB Rodrigo Castillo
|
0-0: SINGLE (Line Drive, 78S) Wayne Hanson scores Ángel Herrera to third Gilberto Bautista to second Runner from 3rd tries for Home, SAFE, throw made home
|
Batting: LHB Terry Neal
|
0-0: Ball 1-0: Called Strike 1-1: Fly out, F2 (Popup, 2L)
|
Batting: LHB Arthur Guzmán
|
0-0: Called Strike 0-1: Fly out, F9 (Flyball, 9S)
|
Top of the 5th over - 2 run(s), 3 hit(s), 0 error(s), 2 left on base; Texas Tech 3 - Nebraska 7 |
BOTTOM OF THE 5TH |
Nebraska Cornhuskers batting - Pitching for Texas Tech Red Raiders : RHP Richard McGinnity
|
Batting: LHB José Pérez
|
0-0: Called Strike 0-1: Ball 1-1: Ball 2-1: Fly out, F7 (Flyball, 78D)
|
Batting: LHB Wes Britton
|
0-0: Called Strike 0-1: Fly out, F7 (Flyball, 7S)
|
Batting: RHB Jeff Willis
|
0-0: Ball 1-0: Called Strike 1-1: Ball 2-1: Foul Ball, location: 2F 2-2: Strikes out swinging
|
Bottom of the 5th over - 0 run(s), 0 hit(s), 0 error(s), 0 left on base; Texas Tech 3 - Nebraska 7 |
TOP OF THE 6TH |
Texas Tech Red Raiders batting - Pitching for Nebraska Cornhuskers : LHP Darrell Gil
|
Batting: RHB Nick McIntyre
|
0-0: Called Strike 0-1: Called Strike 0-2: Ball 1-2: Ball 2-2: Strikes out swinging
|
Batting: RHB David Walker
|
0-0: Ball 1-0: Swinging Strike 1-1: Foul Ball, location: 2F 1-2: Fly out, F7 (Flyball, 7)
|
Batting: RHB Sam Lynch
|
0-0: Called Strike 0-1: Ball 1-1: Ball 2-1: Ball 3-1: SINGLE (Line Drive, 56D)
|
Batting: RHB Wayne Hanson
|
0-0: Called Strike 0-1: Ball 1-1: Foul Ball, location: 2F 1-2: Fielders Choice at 2nd, 6-4 (Groundball, 6)
|
Top of the 6th over - 0 run(s), 1 hit(s), 0 error(s), 0 left on base; Texas Tech 3 - Nebraska 7 |
BOTTOM OF THE 6TH |
Nebraska Cornhuskers batting - Pitching for Texas Tech Red Raiders : RHP Richard McGinnity
|
Batting: RHB Jeffery Taylor
|
0-0: Called Strike 0-1: Ball 1-1: Ball 2-1: Called Strike 2-2: Ball 3-2: Base on Balls
|
Batting: RHB Guy Bullard
|
0-0: Called Strike 0-1: Ball 1-1: Foul Ball, location: 2F 1-2: Strikes out swinging
|
Batting: RHB Ronald Hodge
|
0-0: Ball 1-0: Foul Ball, location: 2F 1-1: Ball 2-1: Swinging Strike 2-2: Foul Ball, location: 2F 2-2: Ball 3-2: Base on Balls Jeffery Taylor to second
|
Batting: LHB Edmund Bilbrey
|
0-0: Ball 1-0: Foul Ball, location: 2F 1-1: Swinging Strike 1-2: Ball 2-2: Ball 3-2: Foul Ball, location: 2F 3-2: Base on Balls Jeffery Taylor to third Ronald Hodge to second
|
Batting: RHB Michael Reed
|
0-0: Ball 1-0: Ball 2-0: Called Strike 2-1: Foul Ball, location: 2F 2-2: SINGLE (Line Drive, 34D) Jeffery Taylor scores Ronald Hodge to third Edmund Bilbrey to second Runner from 3rd tries for Home, SAFE, no throw
|
Batting: LHB Luis García
|
0-0: Fielders Choice at 2nd, 5-4 (Groundball, 56) Edmund Bilbrey to third
|
Batting: LHB José Pérez
|
0-0: Ball 1-0: Swinging Strike 1-1: Swinging Strike 1-2: Foul Ball, location: 2F 1-2: Ball 2-2: SINGLE (Flyball, 7S) Edmund Bilbrey scores Luis García to second
|
Pitching: RHP Jeff Smith
|
|
Batting: LHB Wes Britton
|
0-0: Ball 1-0: Swinging Strike 1-1: Called Strike 1-2: Strikes out swinging
|
Bottom of the 6th over - 3 run(s), 2 hit(s), 0 error(s), 2 left on base; Texas Tech 3 - Nebraska 10 |
TOP OF THE 7TH |
Texas Tech Red Raiders batting - Pitching for Nebraska Cornhuskers : LHP Darrell Gil
|
Batting: RHB Ángel Herrera
|
0-0: Called Strike 0-1: Foul Ball, location: 2F 0-2: Ball 1-2: Ground out 3-1 (Groundball, 34)
|
Batting: RHB Gilberto Bautista
|
0-0: Foul Ball, location: 2F 0-1: Foul Ball, location: 2F 0-2: Foul Ball, location: 2F 0-2: Foul Ball, location: 2F 0-2: Ball 1-2: Foul Ball, location: 2F 1-2: Ball 2-2: Ball 3-2: SOLO HOME RUN (Flyball, 8RXD), Distance : 391 ft
|
Batting: RHB Rodrigo Castillo
|
0-0: Hit by Pitch
|
Batting: LHB Terry Neal
|
0-0: Swinging Strike 0-1: Ball 1-1: Called Strike 1-2: Ball 2-2: Ball 3-2: Strikes out looking
|
Batting: LHB Arthur Guzmán
|
0-0: Foul Ball, location: 2F 0-1: Ball 1-1: Ball 2-1: Ball 3-1: Swinging Strike 3-2: Strikes out swinging
|
Top of the 7th over - 1 run(s), 1 hit(s), 0 error(s), 1 left on base; Texas Tech 4 - Nebraska 10 |
BOTTOM OF THE 7TH |
Nebraska Cornhuskers batting - Pitching for Texas Tech Red Raiders : RHP Jeff Smith
|
Batting: RHB Jeff Willis
|
0-0: Ground out 6-3 (Groundball, 6)
|
Batting: RHB Jeffery Taylor
|
0-0: Ball 1-0: Called Strike 1-1: Ball 2-1: Ball 3-1: Base on Balls
|
Batting: RHB Guy Bullard
|
0-0: Called Strike 0-1: Grounds into double play, 5-4-3 (Groundball, 56)
|
Bottom of the 7th over - 0 run(s), 0 hit(s), 0 error(s), 0 left on base; Texas Tech 4 - Nebraska 10 |
TOP OF THE 8TH |
Texas Tech Red Raiders batting - Pitching for Nebraska Cornhuskers : LHP Darrell Gil
|
Batting: RHB Nick McIntyre
|
0-0: Ground out 4-3 (Groundball, 4)
|
Pitching: RHP Mike Fisher
|
|
Batting: RHB David Walker
|
0-0: Ball 1-0: Called Strike 1-1: Foul Ball, location: 2F 1-2: Ball 2-2: Ball 3-2: Foul Ball, location: 2F 3-2: Foul Ball, location: 2F 3-2: Strikes out looking
|
Batting: RHB Sam Lynch
|
0-0: SINGLE (Line Drive, 7LS)
|
Batting: RHB Wayne Hanson
|
0-0: Called Strike 0-1: Ball 1-1: Ground out 1-3 (Groundball, 13)
|
Top of the 8th over - 0 run(s), 1 hit(s), 0 error(s), 1 left on base; Texas Tech 4 - Nebraska 10 |
BOTTOM OF THE 8TH |
Nebraska Cornhuskers batting - Pitching for Texas Tech Red Raiders : RHP Jeff Smith
|
Batting: RHB Ronald Hodge
|
0-0: Ball 1-0: Foul Ball, location: 2F 1-1: Ball 2-1: Ball 3-1: Foul Ball, location: 2F 3-2: Base on Balls
|
Batting: LHB Edmund Bilbrey
|
0-0: SINGLE (Line Drive, 34D) Ronald Hodge to second Runner from 2nd tries for 3rd, SAFE, no throw
|
Batting: RHB Michael Reed
|
0-0: Called Strike 0-1: Foul Ball, location: 2F 0-2: Strikes out swinging
|
Batting: LHB Luis García
|
0-0: Foul Ball, location: 2F 0-1: Ball 1-1: Ball 2-1: Foul Ball, location: 2F 2-2: Ball 3-2: Base on Balls Edmund Bilbrey to second
|
Batting: LHB José Pérez
|
0-0: Ball 1-0: Foul Ball, location: 2F 1-1: Ball 2-1: Ball 3-1: Foul Ball, location: 2F 3-2: Strikes out swinging
|
Batting: LHB Wes Britton
|
0-0: Swinging Strike 0-1: Ball 1-1: Ball 2-1: Fly out, F8 (Flyball, 8RD)
|
Bottom of the 8th over - 0 run(s), 1 hit(s), 0 error(s), 3 left on base; Texas Tech 4 - Nebraska 10 |
TOP OF THE 9TH |
Texas Tech Red Raiders batting - Pitching for Nebraska Cornhuskers : RHP Mike Fisher
|
Now at SS: Darrell Beard
|
|
Batting: RHB Ángel Herrera
|
0-0: Swinging Strike 0-1: Foul Ball, location: 2F 0-2: Ball 1-2: Strikes out swinging
|
Batting: RHB Gilberto Bautista
|
0-0: Swinging Strike 0-1: Swinging Strike 0-2: Fly out, F4 (Line Drive, 4)
|
Batting: RHB Rodrigo Castillo
|
0-0: Foul Ball, location: 2F 0-1: Swinging Strike 0-2: Strikes out swinging
|
Top of the 9th over - 0 run(s), 0 hit(s), 0 error(s), 0 left on base; Texas Tech 4 - Nebraska 10 |
|